 Dungeon Crawl Stone Soup version 0.29-a0-330-g52719c12eb (webtiles) character file.

Game seed: 16712528668452900502

713 kae the Firebug (level 7, -1/50 HPs)
             Began as a Demigod Fire Elementalist on Apr 27, 2022.
             Slain by Duvessa
             ... wielding a +0 rapier
              (10 damage)
             ... on level 5 of the Dungeon.
             The game lasted 00:04:06 (6999 turns).

kae the Firebug (Demigod Fire Elementalist)         Turns: 6999, Time: 00:04:06

Health: -1/50      AC:  4    Str:  9    XL:     7   Next: 17%
Magic:  4/16       EV: 12    Int: 25    God:
Gold:   1238       SH:  0    Dex: 14    Spells: 8/14 levels left

rFire   . . .      SeeInvis .   e - +0 short sword (spect)
rCold   . . .      Faith    .   (no shield)
rNeg    . . .      Spirit   .   a - +0 robe
rPois   .          Reflect  .   (no helmet)
rElec   .          Harm     .   (no cloak)
rCorr   .          Rampage  .   (no gloves)
Will    +....                   i - +1 pair of boots
Stlth   ++........              (no amulet)
HPRegen 0.16/turn               n - ring of willpower
MPRegen 0.15/turn               (no ring)

@: no status effects
A: high MP 1, forlorn, divine attributes
a: no special abilities


You were on level 5 of the Dungeon.
You visited 1 branch of the dungeon, and saw 5 of its levels.

You collected 1238 gold pieces.

Inventory:

Hand Weapons
 e - a +0 spectral short sword (weapon)
Armour
 a - a +0 robe (worn)
 i - a +1 pair of boots (worn)
Jewellery
 f - an amulet of the acrobat
 n - a ring of willpower (left hand)
Wands
 g - a wand of charming (3)
Scrolls
 j - a scroll of enchant armour
 p - a scroll of teleportation
Potions
 b - 2 potions of magic
 c - 5 potions of heal wounds
 d - a potion of degeneration
 h - a potion of brilliance
 k - a potion of ambrosia {unknown}
 l - 3 potions of attraction
 m - 2 potions of curing
 o - 3 potions of resistance {unknown}
 r - 2 potions of flight {unknown}


   Skills:
 - Level 1.7 Dodging
 - Level 1.7 Stealth
 + Level 4.2 Spellcasting
 + Level 4.3 Conjurations
 + Level 5.0 Fire Magic


You had 8 spell levels left.
You knew the following spells:

 Your Spells              Type           Power      Damage    Failure   Level
a - Foxfire               Conj/Fire      100%       2x1d9     1%          1
b - Scorch                Fire           60%        2d8       1%          2
c - Conjure Flame         Conj/Fire      28%        6-21      3%          3

Your spell library contained the following spells:

 Spells                   Type           Power      Damage    Failure   Level
 Inner Flame              Hex/Fire       18%        N/A       10%         3
 Flame Wave               Conj/Fire      28%        2d8       13%         4
 Olgreb's Toxic Radiance  Pois           5%         N/A       65%         4
 Ozocubu's Refrigeration  Ice            2%         4d5       100%        7
 Ignition                 Fire           15%        3d6       100%        8


Dungeon Overview and Level Annotations

Branches:
Dungeon (5/15)             Temple (0/1) D:4

Shops:
D:4 (

Annotations:
D:2 Sigmund
D:5 Dowan, Duvessa, Pikel


Innate Abilities, Weirdness & Mutations

You have an increased reservoir of magic. (+10% MP)
You shall have no god before yourself.
Your divine heritage dramatically boosts your attributes as you level up.


Message History

Dowan blinks!
Casting: Foxfire (safe; 1% risk of failure)
Confirm with . or Enter, or press ? or * to list all spells.
You conjure some foxfire!
The foxfire hits Duvessa.
Duvessa is severely wounded.
The foxfire hits Duvessa.
Duvessa is severely wounded.
Casting: Foxfire (safe; 1% risk of failure)
Confirm with . or Enter, or press ? or * to list all spells.
You conjure some foxfire!
The foxfire hits Duvessa.
Duvessa is severely wounded.
The foxfire hits Duvessa but does no damage.
Duvessa is severely wounded.
Duvessa hits you with a +0 rapier. Duvessa hits you with a +0 rapier!
Casting: Foxfire (safe; 1% risk of failure)
Confirm with . or Enter, or press ? or * to list all spells.
You conjure some foxfire!
Duvessa says, "My weaknesses are his strengths!"
Duvessa hits you with a +0 rapier!
The foxfire hits Duvessa.
Duvessa is almost dead.
The foxfire hits Duvessa but does no damage.
Duvessa is almost dead.
Duvessa hits you with a +0 rapier. Duvessa hits you but does no damage.
Casting: Foxfire (safe; 1% risk of failure)
Confirm with . or Enter, or press ? or * to list all spells.
Flames lash Duvessa but do no damage.
Duvessa hits you with a +0 rapier. x2
* * * LOW HITPOINT WARNING * * *
Casting: Scorch (safe; 1% risk of failure)
Confirm with . or Enter, or press ? or * to list all spells.
Flames lash Dowan.
Dowan is heavily wounded.
Dowan's fire resistance burns away.
Dowan hits you with a +0 dagger.
* * * LOW HITPOINT WARNING * * *
Duvessa barely misses you. Duvessa hits you with a +0 rapier!
You die...

#.....# #.#
#.....# #.#
####.####.#
#####......#
+..<.)....##
##.........#
#.........#
#.........#
#.......@e#
####.####e#
#.# #.# #.#
#.# #.# #.#
#.# #.# ..e


You could see Duvessa (fast) and Dowan (combustible).

Vanquished Creatures
  Menkaure (D:5)
  An ogre (D:4)
  A bullfrog (D:3)
  A necrophage (D:4)
  2 orc priests
  2 iguanas (D:4)
  Ijyb (D:3)
  2 orc wizards (D:4)
  Robin (D:1)
  3 adders
  5 gnolls
  2 worms
  4 dart slugs
  4 orcs
  5 ball pythons
  5 bats
  3 endoplasms
  7 giant cockroaches
  10 hobgoblins
  6 jackals (D:1)
  3 kobolds
  8 quokkas
  5 frilled lizards
  17 goblins
  A rat (D:1)
100 creatures vanquished.

Vanquished Creatures (others)
  A goblin (D:4)
  259 foxfires
260 creatures vanquished.

Grand Total: 360 creatures vanquished

Notes
Turn   | Place    | Note
-------+----------+-------------------------------------------
     0 | D:1      | kae the Demigod Fire Elementalist began the quest for the
                  | Orb.
     0 | D:1      | Reached XP level 1. HP: 14/14 MP: 5/5
    55 | D:1      | Reached skill level 1 in Conjurations
   457 | D:1      | Reached XP level 2. HP: 19/20 MP: 1/7
   548 | D:1      | Reached skill level 3 in Fire Magic
  1093 | D:1      | Learned a level 2 spell: Scorch
  1507 | D:2      | Reached XP level 3. HP: 26/26 MP: 6/9
  2493 | D:2      | Reached XP level 4. HP: 33/33 MP: 4/10
  2755 | D:2      | Noticed Robin
  3059 | D:1      | Killed Robin
  3624 | D:2      | Noticed Sigmund
  4201 | D:3      | Learned a level 3 spell: Conjure Flame
  4323 | D:3      | Noticed Ijyb
  4341 | D:3      | Killed Ijyb
  4342 | D:3      | Reached XP level 5. HP: 31/38 MP: 0/12
  4493 | D:3      | Reached skill level 4 in Fire Magic
  5782 | D:4      | Found Koalehefi's Weapon Emporium.
  5782 | D:4      | Noticed an ogre
  5794 | D:4      | Killed an ogre
  5795 | D:4      | Reached XP level 6. HP: 45/45 MP: 2/14
  5881 | D:4      | Identified a scroll of acquirement
  5881 | D:4      | Acquired 1079 gold pieces
  6265 | D:4      | Found a staircase to the Ecumenical Temple.
  6476 | D:5      | Entered Level 5 of the Dungeon
  6816 | D:5      | Noticed Menkaure
  6822 | D:5      | Killed Menkaure
  6823 | D:5      | Reached skill level 5 in Fire Magic
  6823 | D:5      | Reached XP level 7. HP: 50/50 MP: 12/16
  6861 | D:5      | Noticed Pikel
  6977 | D:5      | Noticed Duvessa
  6977 | D:5      | Noticed Dowan
  6999 | D:5      | Slain by Duvessa

Illustrated notes

Levels and vault maps discovered:
D:1:      nzn_arrival_crosshair, layout_rooms,
          hellmonk_ecumenical_altar_pennies_from_heaven, hangedman_decor_growths
D:2:      layout_basic, grunt_decor_clamped, corexii_item_surrounded_by_moat,
          uniq_sigmund, uniq_robin
D:3:      layout_loops_ring, chequers_temple_overflow_minitemple,
          mainiacjoe_overflow_alcove_4, uniq_ijyb
D:4:      layout_cave_pools, minmay_temple_entry_drinking_statues,
          minmay_misc_feat_square, nrook_campfire, kennysheep_small_square
D:5:      layout_basic, lemuel_crystal_altar, nicolae_overflow_crystal_walls,
          lemuel_mausoleum_altar_kikubaaqudgha, uniq_duvessa, uniq_menkaure,
          uniq_eustachio, uniq_blork_the_orc, uniq_pikel

Skill      XL: |  1  2  3  4  5  6 |
---------------+-------------------+-----
Conjurations   | 1 2 3 4 |  4.3
Spellcasting   | 2 3 4 |  4.2
Fire Magic     | 3 4 5 |  5.0
Dodging        | |  1.7
Stealth        | |  1.7

Action                   |  1- 3 |  4- 6 |  7- 9 || total
-------------------------+-------+-------+-------++-------
Melee: Unarmed           |     9 |       |       ||     9
       Short sword       |     6 |     3 |     2 ||    11
 Cast: Foxfire           |    54 |    88 |     9 ||   151
       Scorch            |    21 |    52 |     3 ||    76
       Conjure Flame     |       |       |     1 ||     1
Evoke: Wand              |       |       |     3 ||     3
  Use: Scroll            |       |    12 |       ||    12
 Stab: Sleeping          |       |     1 |       ||     1
Armor: Robe              |    12 |    14 |     2 ||    28
Dodge: Dodged            |    60 |    55 |     1 ||   116

Table legend: (Time is in decaauts)
 A = Elapsed time spent in this place.
 B = Non-inter-level travel time spent in this place.
 C = Inter-level travel time spent in this place.
 D = Time resting spent in this place.
 E = Time spent auto-exploring this place.
 F = Levels seen in this place.
 G = Mean time per level.
                   A        B        C        D        E       F      G
               +--------+--------+--------+--------+--------+-----+--------+
         Total |   7018 |   6693 |    325 |   1181 |   4681 |   5 | 1403.6 |
       Dungeon |   7018 |   6693 |    325 |   1181 |   4681 |   5 | 1403.6 |
               +--------+--------+--------+--------+--------+-----+--------+

Top non-repeatable levels by time:
     D:1: 2781 daAuts
     D:2: 1416 daAuts
     D:3: 1372 daAuts
     D:4: 1170 daAuts
     D:5: 277 daAuts
